 Dungeon Crawl Stone Soup version 0.20-a0-433-g9e36e56 (webtiles) character file.

304 junb69 the Grave Robber (level 6, -9/41 HPs)
             Began as a Mummy Necromancer on Jan 3, 2017.
             Was an Initiate of Ashenzari.
             Mangled by an ogre
             ... wielding a +0 giant club
              (29 damage)
             ... on level 4 of the Dungeon.
             The game lasted 00:09:57 (4010 turns).

junb69 the Grave Robber (Mummy Necromancer)         Turns: 4010, Time: 00:09:58

Health: -9/41      AC:  2    Str: 11    XL:     6   Next: 15%
Magic:  0/13       EV: 12    Int: 16    God:    Ashenzari [......]
Gold:   79         SH:  0    Dex: 13    Spells: 6/14 levels left

rFire  x . .     SeeInvis .     i - +1 short sword (venom)
rCold  + . .     Gourm    .     a - +0 robe (curse)
rNeg   + + +     Faith    .     (no shield)
rPois  ∞         Spirit   .     (no helmet)
rElec  .         Reflect  .     (no cloak)
rCorr  .         Harm     .     (no gloves)
MR     .....                    (no boots)
Stlth  +++.......               (no amulet)
                                (no ring)
                                j - ring of stealth

@: very slightly contaminated
A: no food or potions, fire vulnerability, cold resistance 1, negative energy
resistance 3, torment resistance, unbreathing
a: Curse Item, Renounce Religion


You were on level 4 of the Dungeon.
You worshipped Ashenzari.
Ashenzari was noncommittal.
You were not hungry.

You visited 1 branch of the dungeon, and saw 4 of its levels.
You also visited: Sewer.

You collected 79 gold pieces.

Inventory:

Hand Weapons
 i - a +1 short sword of venom (weapon)
Armour
 a - a cursed +0 robe (worn)
Jewellery
 j - a ring of stealth (left hand)
Scrolls
 c - a scroll of amnesia {unknown}
 d - 4 scrolls of identify {unknown}
 e - a scroll of random uselessness {unknown}
 f - 3 scrolls of teleportation {unknown}
 g - 3 scrolls of enchant weapon {unknown}
 h - 3 scrolls of magic mapping {unknown}
Books
 b - a book of Necromancy

   Spells                             Type                      Level
   a - Pain                           Necromancy                   1
   b - Animate Skeleton               Necromancy                   1
   c - Vampiric Draining              Necromancy                   3
   d - Regeneration                   Charms/Necromancy            3
   e - Animate Dead                   Necromancy                   4
   f - Control Undead                 Necromancy                   4


   Skills:
 - Level 1.5 Dodging
 - Level 1.5 Stealth
 * Level 4.9 Spellcasting
 * Level 6.5 Necromancy


You had 6 spell levels left.
You knew the following spells:

 Your Spells              Type           Power        Failure   Level  Hunger
a - Pain                  Necr           ####         1%          1    N/A
b - Vampiric Draining     Necr           ####......   3%          3    N/A
c - Control Undead        Necr           ####......   12%         4    N/A

Dungeon Overview and Level Annotations

Branches:
Dungeon (4/15)
 Temple: D:4-7

Altars:
Ashenzari


Innate Abilities, Weirdness & Mutations

You do not eat or drink.
Your flesh is vulnerable to fire.
You are immune to poison.
Your flesh is cold resistant. (rC+)
You are immune to negative energy. (rN+++)
You are immune to unholy pain and torment.
You can survive without breathing.


Message History

You miscast Vampiric Draining.
You are very lightly contaminated with residual magic.
Nothing appears to happen.
The ogre hits you with a giant club!
* * * LOW HITPOINT WARNING * * *
Casting: Vampiric Draining
Confirm with . or Enter, or press ? or * to list all spells.
Aiming: Vampiric Draining
Press: ? - help, Shift-Dir - straight line, f/p - ogre
Aim: an ogre, wielding a giant club (moderately wounded)
The ogre is severely wounded.
You feel life coursing into your body.
Casting: Vampiric Draining
Confirm with . or Enter, or press ? or * to list all spells.
Aiming: Vampiric Draining
Press: ? - help, Shift-Dir - straight line, f/p - ogre
Aim: an ogre, wielding a giant club (severely wounded)
The ogre is almost dead.
You feel life coursing into your body. The ogre hits you with a giant club!!
Ouch! That really hurt!
You die...

#.# #.# #.# ### ##+# #.# #..
#...## #.# #.# # .....## ##.#
#.###.#.# ......## ##..#
###.#.....#
.......####...#####.........#
.......'........@O............
..>....####...#####.#†#.#..o..
......## ##..# #.#.......#.
.....## ##.# #.###....##
#..<## .... #.# ###.# ##+##
#.### #.# ... #.# #.# ## #.
#..


You could see an ogre.

Vanquished Creatures
  A big kobold (Sewer)
  An orc priest (D:1)
  7 adders
  5 river rats
  2 oozes (D:1)
  2 worms (D:3)
  3 dart slugs
  2 leopard geckos
  6 orcs
  A giant cockroach (D:3)
  4 goblins
  6 hobgoblins
  9 jackals
  8 bats
  4 frilled lizards
  11 kobolds
  10 rats
82 creatures vanquished.

Notes
Turn   | Place    | Note
-------+----------+-------------------------------------------
     0 | D:1      | junb69 the Mummy Necromancer began the quest for the Orb.
     0 | D:1      | Reached XP level 1. HP: 13/13 MP: 4/4
     2 | D:1      | Noticed a demonspawn
     2 | D:1      | Noticed an ogre
     4 | D:1      | Noticed a minotaur
     4 | D:1      | Noticed a troll
     6 | D:1      | Noticed a dwarf
     6 | D:1      | Noticed a halfling
     8 | D:1      | Noticed a gargoyle
    10 | D:1      | Noticed a naga
    12 | D:1      | Noticed a ghoul
    12 | D:1      | Noticed an octopode
    14 | D:1      | Noticed a merfolk
    14 | D:1      | Noticed a spriggan
    16 | D:1      | Noticed a felid
    18 | D:1      | Noticed an elf
    18 | D:1      | Noticed a vampire
    20 | D:1      | Noticed a vine stalker
    20 | D:1      | Noticed a centaur
    22 | D:1      | Noticed a tengu
    22 | D:1      | Noticed a formicid
    24 | D:1      | Noticed a draconian
    26 | D:1      | Noticed a human
    26 | D:1      | Noticed a demigod
   453 | D:1      | Reached XP level 2. HP: 19/19 MP: 4/6
   919 | D:1      | Reached XP level 3. HP: 24/24 MP: 2/7
  1316 | D:1      | Reached skill level 5 in Necromancy
  1328 | D:1      | Reached XP level 4. HP: 27/30 MP: 0/8
  1444 | D:1      | Learned a level 3 spell: Vampiric Draining
  1449 | D:1      | Learned a level 4 spell: Control Undead
  1570 | D:2      | Found a shattered altar of Ashenzari.
  1591 | D:2      | Became a worshipper of Ashenzari the Shackled
  2043 | D:2      | Noticed Jessica
  2596 | D:3      | Found a glowing drain.
  2639 | D:3      | Reached XP level 5. HP: 35/35 MP: 6/10
  2680 | D:3      | Reached skill level 6 in Necromancy
  2728 | Sewer    | Entered a sewer
  3193 | Sewer    | Found a white marble altar of Elyvilon.
  3264 | D:3      | Reached XP level 6. HP: 41/41 MP: 4/13
  4010 | D:4      | Mangled by an ogre

Vault maps used:
D:1:      kb_arrival_jail
D:2:      corexii_corridor_pit, evilmike_ruin_ashenzari, uniq_jessica
D:3:      portal_sewer_entry_a
D:4:      grunt_temple_overflow_open, minmay_a_box_with_orc_wizards_in_it
Sewer:    sewer_kobolds

Skill      XL: |  1  2  3  4  5 |
---------------+----------------+-----
Spellcasting   | 3 4 |  4.9
Necromancy     | 5 6 |  6.5
Dodging        | |  1.5
Stealth        | |  1.5

Action                   |  1- 3 |  4- 6 || total
-------------------------+-------+-------++-------
Melee: Unarmed           |     2 |       ||     2
       Short sword       |     2 |     4 ||     6
 Cast: Pain              |    60 |   126 ||   186
       Vampiric Draining |       |     2 ||     2
Invok: Curse Item        |       |     1 ||     1
Armor: Robe              |     5 |     5 ||    10
Dodge: Dodged            |    23 |    20 ||    43
